 Dungeon Crawl Stone Soup version 0.21.0-25-ge575cb9 (webtiles) character file.

5902 tidbits the Magician (level 10, -7/81 HPs)
             Began as a Gnoll Venom Mage on Jan 24, 2018.
             Was a Priest of Cheibriados.
             Mangled by Snorg (16 damage)
             ... on level 11 of the Dungeon.
             The game lasted 00:29:43 (2630 turns).

tidbits the Magician (Gnoll Venom Mage)             Turns: 2630, Time: 00:29:44

Health: -7/81      AC: 10    Str: 19    XL:     10   Next: 82%
Magic:  6/21       EV: 24    Int: 27    God:    Cheibriados [***...]
Gold:   275        SH:  4    Dex: 29    Spells: 14/24 levels left

rFire    . . .     SeeInvis .   a - +1 short sword (flame)
rCold    + + .     Gourm    .   (no shield)
rNeg     . . .     Faith    .   B - +3 leather armour
rPois    .         Spirit   .   (no helmet)
rElec    .         Reflect  +   C - +0 cloak
rCorr    .         Harm     .   G - +0 pair of gloves
MR       .....                  F - +0 pair of boots
Stlth    ++++++....             t - +4 amulet of reflection
HPRegen  0.23/turn              v - ring of protection from cold
MPRegen  0.17/turn              (no ring)

@: agile, lethally poisoned (-7 -> -7), radiating poison, very slow
A: distributed training, fangs 1, thin skeletal structure 1, cold resistance 1,
robust 1, strong nose
a: Bend Time, Temporal Distortion, Renounce Religion


You were on level 11 of the Dungeon.
You worshipped Cheibriados.
Cheibriados was most pleased with you.
You were not hungry.

You visited 2 branches of the dungeon, and saw 12 of its levels.

You collected 345 gold pieces.
You spent 70 gold pieces at shops.

Inventory:

Hand Weapons
 a - a +1 short sword of flaming (weapon)
   (You found it on level 7 of the Dungeon)
 b - a +0 rapier
 d - a +0 dagger of protection
   (You took it off an orc on level 9 of the Dungeon)
 e - a -3 dagger
 f - a +0 scythe
 m - a +0 hunting sling
 n - a +0 short sword
 o - a +0 war axe
 s - a +0 shortbow
 x - a +0 long sword
 E - a +0 war axe
 H - a +1 whip of flaming
   (You took it off Pikel on level 8 of the Dungeon)
 Q - a +0 blowgun
Missiles
 j - 110 arrows
 w - 5 tomahawks (quivered)
 L - 20 bolts
 R - 18 poisoned needles
Armour
 k - a +0 robe
 B - a +3 leather armour (worn)
 C - a +0 cloak (worn)
 F - a +0 pair of boots (worn)
 G - a +0 pair of gloves (worn)
 S - a +1 robe of cold resistance
   (You took it off Fannar on level 10 of the Dungeon)
Magical Staves
 q - an uncursed staff of earth
   (You found it on level 5 of the Dungeon)
Jewellery
 t - a +4 amulet of reflection (around neck)
   (You took it off an orc warrior on level 6 of the Dungeon)
 v - a ring of protection from cold (left hand)
   (You found it on level 7 of the Dungeon)
 I - an uncursed amulet of rage
   (You found it on level 9 of the Dungeon)
 T - an uncursed ring of ice
   (You took it off Fannar on level 10 of the Dungeon)
Wands
 P - a wand of acid (3)
Scrolls
 g - 3 scrolls of immolation
 h - 3 scrolls of enchant weapon
 l - 2 scrolls of amnesia
 r - 2 scrolls of remove curse
 y - a scroll of fog
 z - a scroll of blinking
 D - a scroll of acquirement {unknown}
 J - a scroll of noise {unknown}
 O - a scroll of vulnerability
 U - a scroll of brand weapon {unknown}
Potions
 i - 4 potions of mutation {!q}
 A - a potion of agility
 K - a potion of brilliance
 M - 3 potions of curing
Books
 u - a Young Poisoner's Handbook

   Spells                             Type                      Level
   a - Sting                          Conjuration/Poison           1
   b - Poisonous Vapours              Poison/Air                   2
   c - Mephitic Cloud                 Conjuration/Poison/Air       3
   d - Olgreb's Toxic Radiance        Poison                       4
   e - Venom Bolt                     Conjuration/Poison           5
 N - a book of Air
   (You found it on level 9 of the Dungeon)

   Spells                             Type                      Level
   a - Shock                          Conjuration/Air              1
   b - Swiftness                      Charms/Air                   2
   c - Static Discharge               Conjuration/Air              3
   d - Airstrike                      Air                          4
   e - Lightning Bolt                 Conjuration/Air              5
Comestibles
 c - 7 rations


   Skills:
 + Level 5.5 Fighting
 + Level 5.5 Short Blades
 + Level 5.5 Long Blades
 + Level 5.5 Axes
 + Level 5.5 Maces & Flails
 + Level 5.5 Polearms
 + Level 5.5 Staves
 + Level 5.5 Slings
 + Level 5.5 Bows
 + Level 5.5 Crossbows
 + Level 5.5 Throwing
 + Level 5.5 Armour
 + Level 7.3 Dodging
 + Level 7.0 Stealth
 + Level 5.5 Shields
 + Level 5.5 Unarmed Combat
 + Level 7.5 Spellcasting
 + Level 5.1 Conjurations
 + Level 4.5 Hexes
 + Level 4.5 Charms
 + Level 4.5 Summonings
 + Level 4.5 Necromancy
 + Level 4.5 Translocations
 + Level 4.5 Transmutations
 + Level 4.5 Fire Magic
 + Level 4.5 Ice Magic
 + Level 4.5 Air Magic
 + Level 4.5 Earth Magic
 + Level 7.2 Poison Magic
 + Level 6.1 Invocations
 + Level 5.5 Evocations


You had 14 spell levels left.
You knew the following spells:

 Your Spells              Type           Power        Failure   Level  Hunger
a - Sting                 Conj/Pois      ####         1%          1    None
m - Mephitic Cloud        Conj/Pois/Air  #####...     1%          3    None
o - Poisonous Vapours     Pois/Air       #####.       1%          2    None
O - Olgreb's Toxic Radia  Pois           #####...     3%          4    ##.....


Dungeon Overview and Level Annotations

Branches:
Dungeon (11/15)            Temple (1/1) D:5
   Lair: D:8-11         Orc: D:9-12

Altars:
Ashenzari
Cheibriados
Dithmenos
Fedhas
Gozag
Kikubaaqudgha
Makhleb
Nemelex Xobeh
Okawaru
Qazlal
Sif Muna
Vehumet
Wu Jian
Zin
The Shining One

Shops:
D:7 =   D:10 *

Annotations:
D:4 skk's ghost, novice TeFi
D:9 exclusion: yak
D:11 Snorg


Innate Abilities, Weirdness & Mutations

Your experience applies equally to all skills.
You have very sharp teeth.
Your uncanny sense of smell can sniff out nearby items.
You have a somewhat thin skeletal structure. (Dex +2, Stealth)
Your flesh is cold resistant. (rC+)
You are robust. (+10% HP)


Message History

Snorg closely misses you. Snorg misses you. Snorg claws you!
Evoke which item? (* to show all) (? for menu, Esc to quit)
Aiming: Paralyse
Press: ? - help, Shift-Dir - straight line, f/p - Snorg
Aim: Snorg (slow, chance to defeat MR: 28%) Snorg easily resists.
You feel sick.
The hound skeleton bites you but does no damage.
The worker ant barely misses you.
Evoke which item? (* to show all) (? for menu, Esc to quit)
Aiming: Paralyse
Press: ? - help, Shift-Dir - straight line, f/p - Snorg
Aim: Snorg (slow, chance to defeat MR: 28%) Snorg easily resists.
The hound skeleton bites you but does no damage.
Snorg bites you! Snorg claws you but does no damage. You block Snorg's attack.
Evoke which item? (* to show all) (? for menu, Esc to quit)
Aiming: Paralyse
Press: ? - help, Shift-Dir - straight line, f/p - Snorg
Aim: Snorg (slow, chance to defeat MR: 28%) Snorg easily resists.
The hound skeleton closely misses you. The worker ant misses you.
You block the hound skeleton's attack.
Evoke which item? (* to show all) (? for menu, Esc to quit)
Aiming: Paralyse
Press: ? - help, Shift-Dir - straight line, f/p - Snorg
Aim: Snorg (slow, chance to defeat MR: 28%) Snorg easily resists.
The now-empty wand crumbles to dust.
You feel sick. You block Snorg's attack. Snorg claws you.
* * * LOW HITPOINT WARNING * * *
Snorg closely misses you. The worker ant misses you.
The hound skeleton closely misses you.
An orc wizard comes into view. It is wielding a dagger.
You feel agile all of a sudden.
Snorg is no longer moving slowly.
You block the hound skeleton's attack.
The worker ant waves its antennae.
The worker ant misses you.
The orc wizard moves out of view.
Snorg barely misses you. Snorg completely misses you. Snorg closely misses you.
Casting: Olgreb's Toxic Radiance
Confirm with . or Enter, or press ? or * to list all spells.
You begin to radiate toxic energy.
Snorg is poisoned.
The worker ant is poisoned.
The ogre is poisoned.
The hound skeleton bites you but does no damage.
You block the worker ant's attack. Snorg closely misses you.
Snorg completely misses you. Snorg closely misses you.
The flow of time bends around you.
Cheibriados rebukes the worker ant.
The worker ant seems to slow down.
Snorg resists with some effort.
Cheibriados rebukes the hound skeleton.
The hound skeleton seems to slow down.
You feel slightly more hungry.
The worker ant looks even sicker.
The ogre looks even sicker.
You feel sick. The hound skeleton closely misses you.
Snorg goes berserk!
Okay, then.
Okay, then.
Evoke which item? (* to show all) (? for menu, Esc to quit)
Aiming: Corrosive Bolt
Press: ? - help, Shift-Dir - straight line, p - Snorg The bolt of acid hits Snorg.
Snorg is splashed with acid.
The acid corrodes Snorg!
Snorg is lightly wounded.
Snorg looks even sicker.
The ogre looks even sicker.
You hear a shout!
You block the hound skeleton's attack. The worker ant misses you.
You block Snorg's attack. Snorg misses you. Snorg closely misses you.
Press: ? - help, v - describe, . - travel
Here: Snorg (moderately wounded, berserk, fast, unusually strong, poisoned, covered in acid)
The floor.
Evoke which item? (* to show all) (? for menu, Esc to quit)
Aiming: Corrosive Bolt
Press: ? - help, Shift-Dir - straight line The bolt of acid hits Snorg.
Snorg is splashed with acid.
The acid corrodes Snorg!
Snorg is moderately wounded.
You kill the worker ant!
Cheibriados appreciates the change of pace.
The ogre looks as sick as possible!
Your toxic aura wanes.
You hear a shout!
Snorg misses you. Snorg completely misses you.
Snorg claws you but does no damage. The hound skeleton misses you.
Snorg closely misses you. You block Snorg's attack. Snorg misses you.
You hear a shout!
Casting: Olgreb's Toxic Radiance
Confirm with . or Enter, or press ? or * to list all spells.
You begin to radiate toxic energy.
Snorg looks even sicker.
The ogre completely misses you. The hound skeleton barely misses you.
Snorg misses you. Snorg claws you!
* * * LOW HITPOINT WARNING * * *
Snorg claws you!
* * * LOW HITPOINT WARNING * * *
Unknown command.
Evoke which item? (* to show all) (? for menu, Esc to quit)
Aiming: Corrosive Bolt
Press: ? - help, Shift-Dir - straight line The bolt of acid hits Snorg.
Snorg is splashed with acid.
Snorg is heavily wounded.
Snorg looks as sick as possible!
You feel sick. Snorg bites you!
* * * LOW HITPOINT WARNING * * *
You block Snorg's attack. Snorg barely misses you.
The ogre completely misses you. The hound skeleton closely misses you.
Snorg bites you!
You die...

. ....... .......
....... .......
.......
.#########.......
......O@Z........
......T..<.......
........###......
##...#### .....
#... .... ### ...
.. .


You could see Snorg (berserk), an ogre and a hound skeleton.

Vanquished Creatures
  Fannar (D:10)
  A two-headed ogre (D:9)
  Pikel (D:8)
  3 centaur zombies
  2 hippogriffs
  Sigmund (D:2)
  A wyvern (D:9)
  A hungry ghost (D:10)
  5 orc warriors
  3 ice beasts
  3 sky beasts
  4 slaves (D:8)
  2 ogres
  3 centaurs
  2 bullfrogs
  A big kobold (D:10)
  A scorpion (D:8)
  7 howler monkeys
  2 crimson imps
  3 hounds
  A jelly (D:6)
  A centaur skeleton (D:7)
  8 orc priests
  5 orc wizards
  2 iguanas
  6 worker ants
  2 hound skeletons (D:9)
  3 gnolls (D:7)
  6 adders
  A shadow imp (D:7)
  An adder zombie (D:8)
  An adder skeleton (D:4)
  A dart slug (D:2)
  2 leopard geckos
  21 orcs
  A giant cockroach (D:8)
  3 hobgoblins
  6 jackals
  7 kobolds
  3 quokkas
  2 ball pythons
  2 frilled lizards
  2 goblins
  3 rats
137 creatures vanquished.

Notes
Turn   | Place    | Note
-------+----------+-------------------------------------------
     0 | D:1      | tidbits the Gnoll Venom Mage began the quest for the Orb.
     0 | D:1      | Reached XP level 1. HP: 13/13 MP: 6/6
   158 | D:2      | Reached skill level 2 in Conjurations
   174 | D:2      | Reached XP level 2. HP: 17/19 MP: 3/7
   178 | D:2      | Learned a level 2 spell: Poisonous Vapours
   284 | D:3      | Reached XP level 3. HP: 23/25 MP: 3/9
   289 | D:3      | Learned a level 3 spell: Mephitic Cloud
   298 | D:3      | Reached skill level 5 in Spellcasting
   361 | D:2      | Noticed Sigmund
   373 | D:2      | Killed Sigmund
   373 | D:2      | Reached skill level 1 in Fighting
   373 | D:2      | Reached skill level 1 in Short Blades
   373 | D:2      | Reached skill level 1 in Long Blades
   373 | D:2      | Reached skill level 1 in Axes
   373 | D:2      | Reached skill level 1 in Maces & Flails
   373 | D:2      | Reached skill level 1 in Polearms
   373 | D:2      | Reached skill level 1 in Staves
   373 | D:2      | Reached skill level 1 in Slings
   373 | D:2      | Reached skill level 1 in Bows
   373 | D:2      | Reached skill level 1 in Crossbows
   373 | D:2      | Reached skill level 1 in Throwing
   373 | D:2      | Reached skill level 1 in Armour
   373 | D:2      | Reached skill level 1 in Shields
   373 | D:2      | Reached skill level 1 in Unarmed Combat
   373 | D:2      | Reached skill level 1 in Hexes
   373 | D:2      | Reached skill level 1 in Charms
   373 | D:2      | Reached skill level 1 in Summonings
   373 | D:2      | Reached skill level 1 in Necromancy
   373 | D:2      | Reached skill level 1 in Translocations
   373 | D:2      | Reached skill level 1 in Transmutations
   373 | D:2      | Reached skill level 1 in Fire Magic
   373 | D:2      | Reached skill level 1 in Ice Magic
   373 | D:2      | Reached skill level 1 in Air Magic
   373 | D:2      | Reached skill level 1 in Earth Magic
   373 | D:2      | Reached skill level 1 in Invocations
   373 | D:2      | Reached skill level 1 in Evocations
   373 | D:2      | Reached XP level 4. HP: 13/32 MP: 1/11
   373 | D:2      | Reached XP level 5. HP: 15/37 MP: 1/12
   417 | D:2      | Found a radiant altar of Vehumet.
   468 | D:3      | HP: 3/37 [rat (2)]
   484 | D:3      | Gained mutation: You have a somewhat thin skeletal structure. (Dex +2, Stealth) [potion of mutation]
   484 | D:3      | Gained mutation: You are robust. (+10% HP) [potion of mutation]
   484 | D:3      | Gained mutation: Your flesh is cold resistant. (rC+) [potion of mutation]
   588 | D:4      | Reached XP level 6. HP: 21/48 MP: 6/13
   621 | D:4      | Reached skill level 2 in Invocations
   634 | D:5      | Entered Level 5 of the Dungeon
   760 | D:4      | Found a shadowy altar of Dithmenos.
   780 | D:4      | You fall through a shaft for 2 floors!
   780 | D:6      | Noticed an orc warrior
   799 | D:6      | Reached skill level 5 in Dodging
   807 | D:5      | Reached skill level 2 in Fighting
   807 | D:5      | Reached skill level 2 in Short Blades
   807 | D:5      | Reached skill level 2 in Long Blades
   807 | D:5      | Reached skill level 2 in Axes
   807 | D:5      | Reached skill level 2 in Maces & Flails
   807 | D:5      | Reached skill level 2 in Polearms
   807 | D:5      | Reached skill level 2 in Staves
   807 | D:5      | Reached skill level 2 in Slings
   807 | D:5      | Reached skill level 2 in Bows
   807 | D:5      | Reached skill level 2 in Crossbows
   807 | D:5      | Reached skill level 2 in Throwing
   807 | D:5      | Reached skill level 2 in Armour
   807 | D:5      | Reached skill level 2 in Shields
   807 | D:5      | Reached skill level 2 in Unarmed Combat
   807 | D:5      | Reached skill level 2 in Evocations
   838 | D:5      | Found a staircase to the Ecumenical Temple.
   842 | Temple   | Entered the Ecumenical Temple
   876 | Temple   | Became a worshipper of Cheibriados the Contemplative
   914 | Temple   | Learned a level 4 spell: Olgreb's Toxic Radiance
   961 | D:5      | Noticed a sky beast
   973 | D:5      | Killed a sky beast
   973 | D:5      | Reached XP level 7. HP: 46/55 MP: 10/15
  1028 | D:4      | Noticed skk's ghost (novice TeFi)
  1108 | D:5      | Found a glowing golden altar of the Shining One.
  1222 | D:6      | Reached skill level 3 in Conjurations
  1222 | D:6      | Reached skill level 2 in Hexes
  1222 | D:6      | Reached skill level 2 in Charms
  1222 | D:6      | Reached skill level 2 in Summonings
  1222 | D:6      | Reached skill level 2 in Necromancy
  1222 | D:6      | Reached skill level 2 in Translocations
  1222 | D:6      | Reached skill level 2 in Transmutations
  1222 | D:6      | Reached skill level 2 in Fire Magic
  1222 | D:6      | Reached skill level 2 in Ice Magic
  1222 | D:6      | Reached skill level 2 in Air Magic
  1222 | D:6      | Reached skill level 2 in Earth Magic
  1301 | D:7      | Reached skill level 5 in Stealth
  1330 | D:7      | Reached skill level 3 in Invocations
  1361 | D:7      | Reached * piety under Cheibriados
  1364 | D:7      | Reached XP level 8. HP: 50/62 MP: 10/16
  1382 | D:6      | Reached skill level 6 in Poison Magic
  1408 | D:6      | Reached skill level 3 in Fighting
  1408 | D:6      | Reached skill level 3 in Short Blades
  1408 | D:6      | Reached skill level 3 in Long Blades
  1408 | D:6      | Reached skill level 3 in Axes
  1408 | D:6      | Reached skill level 3 in Maces & Flails
  1408 | D:6      | Reached skill level 3 in Polearms
  1408 | D:6      | Reached skill level 3 in Staves
  1408 | D:6      | Reached skill level 3 in Slings
  1408 | D:6      | Reached skill level 3 in Bows
  1408 | D:6      | Reached skill level 3 in Crossbows
  1408 | D:6      | Reached skill level 3 in Throwing
  1408 | D:6      | Reached skill level 3 in Armour
  1408 | D:6      | Reached skill level 3 in Shields
  1408 | D:6      | Reached skill level 3 in Unarmed Combat
  1408 | D:6      | Reached skill level 3 in Evocations
  1525 | D:6      | Reached skill level 6 in Spellcasting
  1678 | D:7      | Found Vibaz's Jewellery Shoppe.
  1711 | D:7      | Reached skill level 3 in Hexes
  1711 | D:7      | Reached skill level 3 in Charms
  1711 | D:7      | Reached skill level 3 in Summonings
  1711 | D:7      | Reached skill level 3 in Necromancy
  1711 | D:7      | Reached skill level 3 in Translocations
  1711 | D:7      | Reached skill level 3 in Transmutations
  1711 | D:7      | Reached skill level 3 in Fire Magic
  1711 | D:7      | Reached skill level 3 in Ice Magic
  1711 | D:7      | Reached skill level 3 in Air Magic
  1711 | D:7      | Reached skill level 3 in Earth Magic
  1711 | D:7      | Reached skill level 4 in Invocations
  1744 | D:8      | Reached skill level 6 in Dodging
  1744 | D:8      | Reached XP level 9. HP: 70/71 MP: 18/18
  1786 | D:7      | Found an opulent altar of Gozag.
  1812 | D:7      | Found an iron altar of Okawaru.
  1927 | D:9      | Noticed a two-headed ogre
  1933 | D:9      | Killed a two-headed ogre
  1933 | D:9      | Reached skill level 4 in Fighting
  1933 | D:9      | Reached skill level 4 in Short Blades
  1933 | D:9      | Reached skill level 4 in Long Blades
  1933 | D:9      | Reached skill level 4 in Axes
  1933 | D:9      | Reached skill level 4 in Maces & Flails
  1933 | D:9      | Reached skill level 4 in Polearms
  1933 | D:9      | Reached skill level 4 in Staves
  1933 | D:9      | Reached skill level 4 in Slings
  1933 | D:9      | Reached skill level 4 in Bows
  1933 | D:9      | Reached skill level 4 in Crossbows
  1933 | D:9      | Reached skill level 4 in Throwing
  1933 | D:9      | Reached skill level 4 in Armour
  1933 | D:9      | Reached skill level 6 in Stealth
  1933 | D:9      | Reached skill level 4 in Shields
  1933 | D:9      | Reached skill level 4 in Unarmed Combat
  1933 | D:9      | Reached skill level 4 in Conjurations
  1933 | D:9      | Reached skill level 4 in Evocations
  1960 | D:8      | Reached ** piety under Cheibriados
  1969 | D:8      | Noticed Pikel
  1986 | D:8      | Killed Pikel
  1986 | D:8      | Reached skill level 5 in Invocations
  2027 | D:8      | Reached skill level 7 in Spellcasting
  2027 | D:8      | Reached XP level 10. HP: 64/80 MP: 3/20
  2059 | D:8      | Reached skill level 4 in Hexes
  2059 | D:8      | Reached skill level 4 in Charms
  2059 | D:8      | Reached skill level 4 in Summonings
  2059 | D:8      | Reached skill level 4 in Necromancy
  2059 | D:8      | Reached skill level 4 in Translocations
  2059 | D:8      | Reached skill level 4 in Transmutations
  2059 | D:8      | Reached skill level 4 in Fire Magic
  2059 | D:8      | Reached skill level 4 in Ice Magic
  2059 | D:8      | Reached skill level 4 in Air Magic
  2059 | D:8      | Reached skill level 4 in Earth Magic
  2155 | D:9      | Reached skill level 5 in Fighting
  2155 | D:9      | Reached skill level 5 in Short Blades
  2155 | D:9      | Reached skill level 5 in Long Blades
  2155 | D:9      | Reached skill level 5 in Axes
  2155 | D:9      | Reached skill level 5 in Maces & Flails
  2155 | D:9      | Reached skill level 5 in Polearms
  2155 | D:9      | Reached skill level 5 in Staves
  2155 | D:9      | Reached skill level 5 in Slings
  2155 | D:9      | Reached skill level 5 in Bows
  2155 | D:9      | Reached skill level 5 in Crossbows
  2155 | D:9      | Reached skill level 5 in Throwing
  2155 | D:9      | Reached skill level 5 in Armour
  2155 | D:9      | Reached skill level 5 in Shields
  2155 | D:9      | Reached skill level 5 in Unarmed Combat
  2155 | D:9      | Reached skill level 5 in Evocations
  2237 | D:9      | Reached skill level 7 in Poison Magic
  2245 | D:9      | Found a blossoming altar of Fedhas.
  2251 | D:10     | Entered Level 10 of the Dungeon
  2304 | D:10     | Reached skill level 7 in Dodging
  2317 | D:10     | Found Warchaduips's General Store.
  2336 | D:9      | Found an ancient bone altar of Kikubaaqudgha.
  2348 | D:10     | Bought a potion of curing for 42 gold pieces
  2348 | D:10     | Bought a scroll of identify for 28 gold pieces
  2355 | D:11     | Reached *** piety under Cheibriados
  2485 | D:10     | Noticed Fannar
  2504 | D:10     | Killed Fannar
  2504 | D:10     | Reached skill level 7 in Stealth
  2504 | D:10     | Reached skill level 5 in Conjurations
  2504 | D:10     | Reached skill level 6 in Invocations
  2611 | D:11     | Noticed Snorg
  2630 | D:11     | Mangled by Snorg

Skill      XL: |  1  2  3  4  5  6  7  8  9 10 |
---------------+-------------------------------+-----
Conjurations   | 2 3 4 5 |  5.1
Spellcasting   | 5 6 7 |  7.5
Fighting       | 1 2 3 4 5 |  5.5
Short Blades   | 1 2 3 4 5 |  5.5
Long Blades    | 1 2 3 4 5 |  5.5
Axes           | 1 2 3 4 5 |  5.5
Maces & Flails | 1 2 3 4 5 |  5.5
Polearms       | 1 2 3 4 5 |  5.5
Staves         | 1 2 3 4 5 |  5.5
Slings         | 1 2 3 4 5 |  5.5
Bows           | 1 2 3 4 5 |  5.5
Crossbows      | 1 2 3 4 5 |  5.5
Throwing       | 1 2 3 4 5 |  5.5
Armour         | 1 2 3 4 5 |  5.5
Shields        | 1 2 3 4 5 |  5.5
Unarmed Combat | 1 2 3 4 5 |  5.5
Hexes          | 1 2 3 4 |  4.5
Charms         | 1 2 3 4 |  4.5
Summonings     | 1 2 3 4 |  4.5
Necromancy     | 1 2 3 4 |  4.5
Translocations | 1 2 3 4 |  4.5
Transmutations | 1 2 3 4 |  4.5
Fire Magic     | 1 2 3 4 |  4.5
Ice Magic      | 1 2 3 4 |  4.5
Air Magic      | 1 2 3 4 |  4.5
Earth Magic    | 1 2 3 4 |  4.5
Invocations    | 1 2 3 4 5 6 |  6.1
Evocations     | 1 2 3 4 5 |  5.5
Dodging        | 5 6 7 |  7.3
Stealth        | 5 6 7 |  7.0
Poison Magic   | 6 7 |  7.2

Action                   |  1- 3 |  4- 6 |  7- 9 | 10-12 || total
-------------------------+-------+-------+-------+-------++-------
Melee: Dagger            |    15 |       |       |       ||    15
       Bite              |     2 |     1 |    22 |     8 ||    33
       Scythe            |       |     6 |       |       ||     6
       Long sword        |       |    19 |    61 |       ||    80
       Staff             |       |       |     8 |       ||     8
       Rapier            |       |       |    24 |       ||    24
       Short sword       |       |       |    66 |    57 ||   123
       Punch             |       |       |       |     2 ||     2
 Cast: Sting             |    17 |    13 |     5 |     1 ||    36
       Poisonous Vapours |     5 |    15 |    27 |    15 ||    62
       Olgreb's Toxic Ra |       |       |     9 |    14 ||    23
       Mephitic Cloud    |       |       |     5 |     1 ||     6
Invok: Bend Time         |       |       |     4 |     2 ||     6
Evoke: Wand              |       |       |     2 |    21 ||    23
  Use: Potion            |     4 |     1 |     1 |     2 ||     8
       Scroll            |     1 |     5 |     5 |     2 ||    13
 Stab: Sleeping          |     4 |     5 |     8 |     3 ||    20
       Confused          |       |       |     2 |       ||     2
       Paralysed         |       |       |     2 |     2 ||     4
       Distracted        |       |       |       |     1 ||     1
  Eat: Ration            |     2 |       |     1 |       ||     3
Armor: Robe              |     3 |     3 |    12 |       ||    18
       Skin              |     3 |       |       |       ||     3
       Leather armour    |       |       |     9 |    22 ||    31
Dodge: Dodged            |    12 |    28 |   116 |    75 ||   231
Block: Other             |       |       |     8 |    17 ||    25
       Reflection        |       |       |       |     1 ||     1
       Rpst.: Long sword |       |     4 |    12 |       ||    16

Table legend:
 A = Turns spent in this place as a percentage of turns spent in the entire game.
 B = Non-inter-level travel turns spent in this place as a percentage of non-inter-level travel turns spent in the entire game.
 C = Inter-level travel turns spent in this place as a percentage of turns spent in this place.
 D = Turns resting spent in this place as a percentage of non-inter-level travel turns spent in this place.
 E = Turns spent auto-exploring this place as a percentage of non-inter-level travel turns spent in this place.
 F = Non-inter-level travel turns spent in this place divided by the number of levels of this place that you've seen.
                   A       B       C       D       E      F
               +-------+-------+-------+-------+-------+----------------------
         Total | 100.0 | 100.0 |   2.4 |   0.6 |   0.0 | 213.9
       Dungeon |  97.2 |  98.4 |   1.2 |   0.6 |   0.0 | 229.6
        Temple |   2.8 |   1.6 |  43.8 |   0.0 |   0.0 |  41.0
               +-------+-------+-------+-------+-------+----------------------

Table legend:
 A = Kills in this place as a percentage of kills in entire the game.
 B = Kills by you in this place as a percentage of kills by you in the entire game.
 C = Kills by friends in this place as a percentage of kills by friends in the entire game.
 D = Other kills in this place as a percentage of other kills in the entire game.
 E = Experience gained in this place as a percentage of experience gained in the entire game.
 F = Experience gained in this place divided by the number of levels of this place that you have seen.
                   A       B       C       D       E      F
               +-------+-------+-------+-------+-------+----------------------
         Total | 100.0 | 100.0 |   N/A |   N/A | 100.0 | 702.7
       Dungeon | 100.0 | 100.0 |   N/A |   N/A | 100.0 | 766.5
               +-------+-------+-------+-------+-------+----------------------

Vault maps used:
D:1:      dpeg_arrival_three_same_balls
D:2:      lemuel_coloured_pillars_altar, hangedman_glass_teeth,
          lemuel_statue_altar, uniq_sigmund
D:3:      first_ration
D:4:      regret_index_temple_of_mockery, marbit_many_paths, serial_glass,
          glass_columns_a, glass_columns_b, minivault_23
D:5:      lemuel_crystal_altar, temple_hall_moat, basic_altar
D:6:      kennysheep_small_square
D:7:      okawaru_trees_2, minitemple, serial_shops,
          nicolae_shop_competitors_out_of_business
D:8:      grunt_livestock, uniq_joseph, uniq_pikel
D:9:      fedhas_altar_1, nicolae_overflow_hidden_temple, uniq_grum
D:10:     david_lair_shrubbed, serial_shops, shop_fountains,
          lightli_elemental_guards, uniq_fannar
D:11:     orc_0_dummy, uniq_snorg
Temple:   cyrus_temple_forest
